 Dungeon Crawl Stone Soup version 0.31-a0-234-gad7ace16ef (webtiles) character file.

Game seed: 16202443833928799365

20339 qw the Marksminotaur (level 12, -8/107 (110) HPs)
             Began as a Minotaur Hexslinger on July 9, 2023.
             Was an Elder of Okawaru.
             Mangled by a death yak (9 damage)
             ... on level 2 of the Lair of Beasts.
             The game lasted 00:04:24 (9222 turns).

qw the Marksminotaur (Minotaur Hexslinger)          Turns: 9222, Time: 00:04:24

HP:   -8/107 (110)  AC: 14    Str: 14    XL:     12   Next: 44%
MP:   10/16         EV: 30    Int: 10    God:    Okawaru [****..]
Gold: 316           SH:  0    Dex: 23    Spells: 12/13 levels left

rFire   . . .        c - +0 arbalest
rCold   . . .        (shield currently unavailable)
rNeg    . . .        r - +0 steam dragon scales
rPois   +            (helmet restricted)
rElec   .            l - +2 cloak {rPois}
rCorr   .            h - +2 pair of gloves
SInv    .            (no boots)
Will    .....        (no amulet)
Stlth   +++          b - +6 ring of dexterity
HPRegen 0.37/turn    s - +5 ring of evasion
MPRegen 0.15/turn

%: no passive effects
@: about to teleport, heroic, finesse-ful, lightly drained
A: horns 2, retaliatory headbutt
a: Renounce Religion, Heroism, Finesse


You were on level 2 of the Lair of Beasts.
You worshipped Okawaru.
Okawaru was greatly pleased with you.
You visited 3 branches of the dungeon, and saw 11 of its levels.

You collected 599 gold pieces.
You spent 283 gold pieces at shops.


Innate Abilities, Weirdness & Mutations

You have a pair of horns on your head.
You reflexively headbutt those who attack you in melee.


   Skills:
 - Level 11.5(16.5) Fighting
 + Level 15.1(20.1) Ranged Weapons
 - Level 5.2(10.2) Armour
 - Level 10.0(15.0) Dodging
 - Level 1.0 Spellcasting
 - Level 2.0 Hexes
 + Level 7.6 Invocations


You had 12 spell levels left.
You knew the following spells:

 Your Spells              Type           Power      Damage    Failure   Level
a - Slow                  Hex            16%        N/A       16%         1

Your spell library contained the following spells:

 Spells                   Type           Power      Damage    Failure   Level
 Inner Flame              Hex/Fire       2%         N/A       56%         3
 Portal Projectile        Hex/Tloc       4%         N/A       56%         3
 Cause Fear               Hex            2%         N/A       83%         4

Inventory:

Hand Weapons
 c - a +0 arbalest (weapon)
Armour
 h - a +2 pair of gloves (worn)
 l - a +2 cloak of poison resistance (worn)
 r - +0 steam dragon scales (worn)
 u - a +0 leather armour of poison resistance
Jewellery
 b - a +6 ring of dexterity (left hand)
 q - a ring of protection from fire
 s - a +5 ring of evasion (right hand)
Wands
 i - a wand of digging (17)
Scrolls
 f - a scroll of identify
 n - 2 scrolls of teleportation
Potions
 a - 2 potions of mutation
 d - 3 potions of enlightenment
 e - a potion of cancellation
 g - a potion of might
 j - a potion of magic
 k - 2 potions of haste
 o - a potion of resistance

Dungeon Overview and Level Annotations

Branches:
Dungeon (8/15)             Temple (1/1) D:7            Lair (2/5) D:8
  Swamp: Lair:2-3    Shoals: Lair:2-3     Snake: Lair:2-3    Spider: Lair:2-3

Altars:
Ashenzari
Cheibriados
Dithmenos
Elyvilon
Fedhas
Gozag
Hepliaklqana
Kikubaaqudgha
Nemelex Xobeh
Okawaru
Qazlal
Ru
Sif Muna
Trog
Uskayaw
Vehumet
Wu Jian
Xom
Yredelemnul
Zin
The Shining One

Shops:
D:5 (   D:6 ?[[


Message History

You shoot a bolt. The hell rat roars deafeningly!
The bolt hits the swamp dragon.
The swamp dragon is heavily wounded.
The death yak completely misses you. The death yak misses you.
You furiously retaliate!
You headbutt the death yak. The swamp dragon closely misses you.
The swamp dragon completely misses you. x2
You shoot a bolt. The bolt hits the swamp dragon!!
The swamp dragon is almost dead.
The death yak completely misses you. You furiously retaliate!
You headbutt the death yak. The death yak completely misses you.
You furiously retaliate!
You headbutt the death yak!
The swamp dragon bites you but does no damage.
The swamp dragon barely misses you. The swamp dragon completely misses you.
You shoot a bolt. The bolt hits the swamp dragon!!
You kill the swamp dragon!
Okawaru is honoured by your kill.
You can now enter into single combat with a foe.
Okawaru will now gift you equipment as you gain piety.
The death yak gores you!! The death yak completely misses you.
A hell rat comes into view.
9220 ||| INVOKING Finesse.
You can now deal lightning-fast blows.
You can no longer enter into single combat with a foe.
Okawaru will no longer gift you equipment.
The death yak misses you. The death yak closely misses you.
The hell rat bites you!
You feel drained.
9221 ||| READING 3 scrolls of teleportation.
As you read the scroll of teleportation, it crumbles to dust.
You feel strangely unstable.
The hell rat roars deafeningly!
You hear a loud, deep croak!
The death yak completely misses you. The death yak gores you!
The hell rat misses you. The hell rat closely misses you.
You furiously retaliate!
You headbutt the hell rat!
A water moccasin comes into view.
A hell rat comes into view.
You shoot a bolt. The bolt barely misses the hell rat.
The water moccasin hisses angrily.
The hell rat roars deafeningly!
The hell rat completely misses you. x2; The death yak completely misses you.
The death yak gores you!
You die...

#...PPP....................
##..#######......## #.#.##.
#....#####P.......# #. #.
#...###..###.....#.. #.
7#..##...'......<# ...
777##~..#.......# .##.
~P~~~P~P.......# #.
~~~~~~P~.......#
~~~~~P~P@r.....#
~~~~P~~YrY.......
~~~~PPP.r........
~~~~P~~..........
~~~~~..........
~P~P~~~r.......
~~P~~~P........
P~~~P~r.S......


You could see 2 death yaks, a water moccasin and 5 hell rats.

Vanquished Creatures
  Fannar (Lair:2)
  2 catoblepae
  A two-headed ogre (D:8)
  2 death yaks (Lair:2)
  Amaemon (D:8)
  A swamp dragon (Lair:2)
  5 elephants
  Joseph (Lair:1)
  10 cane toads
  An orange demon (D:8)
  2 rime drakes (Lair:1)
  5 komodo dragons
  A polar bear (Lair:2)
  Prince Ribbit (D:8)
  A spriggan (Lair:2)
  22 yaks
  A basilisk (Lair:1)
  A wyvern (D:8)
  2 steam dragons
  4 vampire mosquitoes (D:8)
  Menkaure (D:7)
  5 water moccasins
  6 black bears
  An orc warrior (D:8)
  3 sky beasts
  11 wolves
  2 ogres
  A centaur (D:8)
  A phantom (D:5)
  5 bullfrogs
  2 scorpions (D:5)
  3 wights (D:7)
  2 howler monkeys (D:7)
  2 jellies (D:6)
  5 orc priests
  2 hounds (D:6)
  3 iguanas
  5 orc wizards
  A sleepcap (D:5)
  7 gnolls
  10 adders
  2 shadow imps
  3 white imps
  An ufetubus (D:5)
  2 worms (D:2)
  A dart slug (D:4)
  21 orcs
  5 endoplasms
  2 giant cockroaches
  6 goblins
  10 hobgoblins
  11 jackals
  8 kobolds
  4 quokkas
  4 ball pythons
  4 bats
  3 frilled lizards
  8 rats (D:1)
238 creatures vanquished.

Notes
Turn   | Place    | Note
-------+----------+-------------------------------------------
     0 | D:1      | qw the Minotaur Hexslinger began the quest for the Orb.
     0 | D:1      | Reached XP level 1. HP: 16/16 MP: 1/1
     0 | D:1      | 0 ||| qw: Version: 0.3-a-51-g015441d
     0 | D:1      | 0 ||| qw: Game counter: 4223
     0 | D:1      | 0 ||| qw: Melee chars always use a shield: true
     0 | D:1      | 0 ||| qw: God list: Okawaru
     0 | D:1      | 0 ||| qw: Allow faded altars: false
     0 | D:1      | 0 ||| qw: Do Orc after clearing Dungeon:15 true
     0 | D:1      | 0 ||| qw: Do second Lair branch before Depths: true
     0 | D:1      | 0 ||| qw: Lair rune preference: random
     0 | D:1      | 0 ||| qw: Goals: Normal
     0 | D:1      | 0 ||| PLANNING D:1-11
    98 | D:1      | You fall into a shaft and drop 1 floor!
    99 | D:2      | 99 ||| DROPPING scroll of poison.
   259 | D:1      | Reached skill level 3 in Ranged Weapons
   262 | D:1      | Reached XP level 2. HP: 23/23 MP: 2/2
   643 | D:1      | Reached XP level 3. HP: 29/29 MP: 3/3
  1064 | D:2      | Reached skill level 4 in Ranged Weapons
  1304 | D:2      | 1304 ||| FLEEEEING.
  1306 | D:2      | 1306 ||| FLEEEEING.
  1307 | D:2      | 1307 ||| FLEEEEING.
  1646 | D:2      | Reached XP level 4. HP: 34/36 MP: 4/4
  1708 | D:2      | 1708 ||| UPGRADING to +0 pair of gloves.
  1713 | D:2      | 1713 ||| READING scroll labelled LOLAAFR BOR JUL.
  1714 | D:2      | 1714 ||| READING scroll labelled WOPRATROCEK.
  1718 | D:2      | 1718 ||| READING scroll labelled TOLEYT BUZIKORGH.
  1719 | D:2      | 1719 ||| READING scroll labelled XUVASU KOER.
  1720 | D:2      | 1720 ||| DRINKING 2 murky black potions.
  2266 | D:3      | Reached skill level 5 in Ranged Weapons
  2423 | D:3      | 2423 ||| UPGRADING to +1 cloak of poison resistance.
  2428 | D:3      | 2428 ||| UPGRADING to +4 ring of slaying {mikee}.
  2429 | D:3      | 2429 ||| READING scroll labelled YCELUOVAICS.
  2430 | D:3      | 2430 ||| READING scroll labelled REKKIAF TEDD.
  2431 | D:3      | 2431 ||| DRINKING 2 dark potions.
  2479 | D:4      | Reached skill level 3 in Fighting
  2479 | D:4      | Reached XP level 5. HP: 44/45 MP: 5/5
  2626 | D:4      | Reached skill level 6 in Ranged Weapons
  2634 | D:4      | Reached XP level 6. HP: 41/52 MP: 6/6
  2809 | D:4      | Found a sacrificial altar of Ru.
  2809 | D:4      | Found a glowing golden altar of the Shining One.
  2810 | D:4      | Found a white marble altar of Elyvilon.
  2819 | D:4      | Found a broken altar of Ashenzari.
  2857 | D:4      | 2857 ||| UPGRADING to +0 leather armour.
  2867 | D:4      | 2867 ||| DROPPING +0 robe.
  2868 | D:4      | 2868 ||| UPGRADING to ring of protection from fire.
  2869 | D:4      | 2869 ||| DRINKING 2 green potions.
  2870 | D:4      | 2870 ||| DRINKING 2 red potions.
  2871 | D:4      | 2871 ||| DRINKING 2 murky white potions.
  2872 | D:4      | 2872 ||| READING 4 scrolls of identify.
  2872 | D:4      | 2872 ||| IDENTIFYING fizzy blue potion
  2873 | D:4      | 2873 ||| READING 3 scrolls of identify.
  2873 | D:4      | 2873 ||| IDENTIFYING white potion
  2874 | D:4      | 2874 ||| READING 2 scrolls of identify.
  2874 | D:4      | 2874 ||| IDENTIFYING glowing red potion
  2875 | D:4      | 2875 ||| DROPPING potion of attraction.
  2876 | D:4      | 2876 ||| DROPPING potion of brilliance.
  2877 | D:4      | 2877 ||| DROPPING potion of magic.
  2901 | D:5      | Entered Level 5 of the Dungeon
  3045 | D:5      | Reached skill level 1 in Armour
  3255 | D:5      | Reached skill level 7 in Ranged Weapons
  3347 | D:5      | Reached XP level 7. HP: 56/59 MP: 7/7
  3402 | D:5      | 3402 ||| READING scroll of enchant weapon.
  3402 | D:5      | 3402 ||| ENCHANTING +2 sling.
  3485 | D:5      | Reached skill level 8 in Ranged Weapons
  3670 | D:5      | 3670 ||| FLEEEEING.
  3674 | D:5      | 3674 ||| STAIRDANCE
  3713 | D:4      | 3713 ||| UPGRADING to +6 ring of dexterity.
  3715 | D:4      | 3715 ||| UPGRADING to +4 ring of slaying {mikee}.
  3717 | D:4      | 3717 ||| READING scroll labelled SYOCKY LAATZA.
  3734 | D:5      | Found Feros's Antique Weapon Emporium.
  3746 | D:5      | 3746 ||| FLEEEEING.
  3747 | D:5      | 3747 ||| FLEEEEING.
  3748 | D:5      | 3748 ||| FLEEEEING.
  3749 | D:5      | 3749 ||| FLEEEEING.
  3750 | D:5      | 3750 ||| FLEEEEING.
  3751 | D:5      | 3751 ||| FLEEEEING.
  3752 | D:5      | 3752 ||| FLEEEEING.
  3753 | D:5      | 3753 ||| STAIRDANCE
  3806 | D:5      | 3806 ||| STAIRDANCE
  3976 | D:5      | 3976 ||| DRINKING 2 emerald potions.
  3989 | D:6      | Noticed a steam dragon
  3997 | D:6      | Killed a steam dragon
  4002 | D:6      | 4002 ||| FLEEEEING.
  4003 | D:6      | 4003 ||| FLEEEEING.
  4004 | D:6      | 4004 ||| FLEEEEING.
  4007 | D:6      | 4007 ||| STAIRDANCE
  4138 | D:6      | 4138 ||| READING 3 scrolls of enchant armour.
  4138 | D:6      | 4138 ||| ENCHANTING +0 pair of gloves.
  4139 | D:6      | 4139 ||| READING 2 scrolls of enchant armour.
  4139 | D:6      | 4139 ||| ENCHANTING +1 pair of gloves.
  4140 | D:6      | 4140 ||| READING scroll of enchant armour.
  4140 | D:6      | 4140 ||| ENCHANTING +1 cloak of poison resistance.
  4179 | D:6      | Found Ewnuleawae's Antique Armour Shop.
  4184 | D:6      | 4184 ||| SHOPLISTING +3 pair of gauntlets of War {Slay+5}
                  | (1330 gold, have 268).
  4184 | D:6      | 4184 ||| BUYING glowing leather armour (140 gold).
  4184 | D:6      | Bought a glowing leather armour for 140 gold pieces
  4184 | D:6      | 4184 ||| SHOPLISTING glowing scarf (224 gold, have 128).
  4184 | D:6      | 4184 ||| SHOPLISTING quicksilver dragon scales (1680 gold,
                  | have 128).
  4274 | D:6      | Reached XP level 8. HP: 25/68 MP: 8/8
  4415 | D:6      | Found Ipus's Antique Armour Shoppe.
  4424 | D:6      | 4424 ||| BUYING runed leather armour (115 gold).
  4424 | D:6      | Bought a runed leather armour for 115 gold pieces
  4479 | D:6      | Reached skill level 9 in Ranged Weapons
  4602 | D:6      | Found Okab's Magic Scroll Boutique.
  4612 | D:6      | 4612 ||| BUYING scroll of identify (28 gold).
  4612 | D:6      | Bought a scroll of identify for 28 gold pieces
  4617 | D:6      | 4617 ||| UPGRADING to +0 steam dragon scales.
  4627 | D:6      | 4627 ||| DROPPING +0 leather armour.
  4628 | D:6      | 4628 ||| DROPPING +1 pair of gloves.
  4629 | D:6      | 4629 ||| DROPPING +0 leather armour of cold resistance.
  4630 | D:6      | 4630 ||| DROPPING ring of see invisible.
  4631 | D:6      | 4631 ||| DRINKING 2 glowing sapphire potions.
  4632 | D:6      | 4632 ||| READING 2 scrolls of identify.
  4632 | D:6      | 4632 ||| IDENTIFYING lumpy golden potion
  4657 | D:7      | Noticed Menkaure
  4665 | D:7      | Killed Menkaure
  4673 | D:7      | Reached skill level 6 in Fighting
  4685 | D:7      | 4685 ||| FLEEEEING.
  4686 | D:7      | 4686 ||| FLEEEEING.
  4687 | D:7      | 4687 ||| FLEEEEING.
  4688 | D:7      | 4688 ||| FLEEEEING.
  4689 | D:7      | 4689 ||| FLEEEEING.
  4690 | D:7      | 4690 ||| STAIRDANCE
  4761 | D:7      | 4761 ||| STAIRDANCE
  4763 | D:6      | 4763 ||| DRINKING potion of curing.
  4763 | D:6      | 4763 ||| (to cure confusion)
  4769 | D:7      | 4769 ||| STAIRDANCE
  4777 | D:7      | 4777 ||| STAIRDANCE
  4905 | D:7      | Reached skill level 10 in Ranged Weapons
  5127 | D:7      | Reached XP level 9. HP: 78/78 MP: 9/9
  5144 | D:7      | Reached skill level 3 in Armour
  5217 | D:7      | Found a staircase to the Ecumenical Temple.
  5218 | D:7      | 5218 ||| PLANNING TEMPLE
  5218 | D:7      | 5218 ||| READING scroll labelled BITRES MONNIEN.
  5224 | Temple   | Entered the Ecumenical Temple
  5312 | Temple   | 5312 ||| PLANNING OKAWARU WORSHIP
  5373 | Temple   | Became a worshipper of Warmaster Okawaru
  5374 | Temple   | 5374 ||| PLANNING D:1-11
  5598 | D:8      | Noticed an orange demon
  5611 | D:8      | Killed an orange demon
  5612 | D:8      | Reached skill level 11 in Ranged Weapons
  5708 | D:8      | Noticed Amaemon
  5723 | D:8      | Killed Amaemon
  5864 | D:8      | Noticed an elephant
  5869 | D:8      | Reached * piety under Okawaru
  5870 | D:8      | 5870 ||| INVOKING Heroism.
  5870 | D:8      | Noticed Prince Ribbit
  5871 | D:8      | 5871 ||| INVOKING Heroism.
  5872 | D:8      | 5872 ||| INVOKING Heroism.
  5888 | D:8      | Killed an elephant
  5889 | D:8      | Reached skill level 12 in Ranged Weapons
  5889 | D:8      | 5889 ||| INVOKING Heroism.
  5890 | D:8      | 5890 ||| INVOKING Heroism.
  5896 | D:8      | 5896 ||| FLEEEEING.
  5897 | D:8      | 5897 ||| FLEEEEING.
  5899 | D:8      | 5899 ||| FLEEEEING.
  5900 | D:8      | 5900 ||| FLEEEEING.
  5907 | D:8      | 5907 ||| STAIRDANCE
  6056 | D:8      | 6056 ||| INVOKING Heroism.
  6067 | D:8      | Killed Prince Ribbit
  6068 | D:8      | Reached XP level 10. HP: 84/88 MP: 7/10
  6079 | D:8      | 6079 ||| STAIRDANCE
  6126 | D:8      | Reached skill level 1 in Invocations
  6148 | D:8      | 6148 ||| INVOKING Heroism.
  6149 | D:8      | 6149 ||| INVOKING Heroism.
  6177 | D:8      | Noticed a two-headed ogre
  6178 | D:8      | 6178 ||| INVOKING Heroism.
  6188 | D:8      | Killed a two-headed ogre
  6189 | D:8      | Reached skill level 3 in Invocations
  6215 | D:8      | 6215 ||| SWAPPING to +0 shortbow.
  6216 | D:8      | 6216 ||| DROPPING +3 sling.
  6301 | D:8      | Reached ** piety under Okawaru
  6390 | D:8      | Found a staircase to the Lair.
  6552 | D:8      | 6552 ||| PLANNING LAIR
  6581 | Lair:1   | Entered Level 1 of the Lair of Beasts
  6586 | Lair:1   | 6586 ||| INVOKING Heroism.
  6592 | Lair:1   | Reached skill level 13 in Ranged Weapons
  6592 | Lair:1   | Noticed a cane toad
  6604 | Lair:1   | Reached skill level 9 in Fighting
  6609 | Lair:1   | 6609 ||| STAIRDANCE
  6611 | D:8      | 6611 ||| INVOKING Heroism.
  6612 | D:8      | HP: 22/91 [yak (4)]
  6613 | D:8      | 6613 ||| READING 3 scrolls of teleportation.
  6613 | D:8      | HP: 9/91 [yak (2)]
  6614 | D:8      | 6614 ||| DRINKING potion of heal wounds.
  6616 | D:8      | Killed a cane toad
  6799 | D:8      | Reached *** piety under Okawaru
  6858 | Lair:1   | 6858 ||| STAIRDANCE
  6946 | Lair:1   | 6946 ||| INVOKING Heroism.
  6981 | Lair:1   | Reached XP level 11. HP: 97/97 MP: 13/13
  7064 | Lair:1   | 7064 ||| INVOKING Heroism.
  7188 | Lair:1   | Reached skill level 14 in Ranged Weapons
  7202 | Lair:1   | 7202 ||| INVOKING Heroism.
  7226 | Lair:1   | 7226 ||| INVOKING Heroism.
  7394 | Lair:1   | 7394 ||| INVOKING Heroism.
  7417 | Lair:1   | 7417 ||| DRINKING 2 potions of cancellation.
  7444 | Lair:1   | 7444 ||| INVOKING Heroism.
  7461 | Lair:1   | Reached skill level 9 in Dodging
  7530 | Lair:1   | 7530 ||| INVOKING Heroism.
  7537 | Lair:1   | Reached **** piety under Okawaru
  7573 | Lair:1   | Noticed a catoblepas
  7574 | Lair:1   | 7574 ||| INVOKING Heroism.
  7577 | Lair:1   | 7577 ||| Stepping ~*~*~tactically~*~*~ (cloud).
  7588 | Lair:1   | 7588 ||| INVOKING Heroism.
  7595 | Lair:1   | 7595 ||| Stepping ~*~*~tactically~*~*~ (cloud).
  7598 | Lair:1   | 7598 ||| Stepping ~*~*~tactically~*~*~ (cloud).
  7599 | Lair:1   | 7599 ||| Stepping ~*~*~tactically~*~*~ (cloud).
  7599 | Lair:1   | HP: 20/99 [catoblepas (27)]
  7600 | Lair:1   | 7600 ||| READING 3 scrolls of teleportation.
  7601 | Lair:1   | Killed a catoblepas
  7845 | Lair:1   | 7845 ||| INVOKING Heroism.
  7880 | Lair:1   | Noticed Joseph
  7887 | Lair:1   | 7887 ||| FLEEEEING.
  7888 | Lair:1   | 7888 ||| FLEEEEING.
  7889 | Lair:1   | 7889 ||| FLEEEEING.
  7906 | Lair:1   | Killed Joseph
  8223 | Lair:1   | 8223 ||| Stepping ~*~*~tactically~*~*~ (outnumbered).
  8225 | Lair:1   | 8225 ||| Stepping ~*~*~tactically~*~*~ (outnumbered).
  8547 | Lair:1   | 8547 ||| UPGRADING to +5 ring of evasion.
  8549 | Lair:1   | 8549 ||| DROPPING +4 ring of slaying {mikee}.
  8550 | Lair:1   | 8550 ||| READING scroll labelled NUEXOWNULEU.
  8551 | Lair:1   | 8551 ||| READING 2 scrolls of identify.
  8551 | Lair:1   | 8551 ||| IDENTIFYING ruby potion
  8552 | Lair:1   | 8552 ||| DROPPING potion of degeneration.
  8609 | Lair:2   | 8609 ||| INVOKING Heroism.
  8634 | Lair:2   | 8634 ||| INVOKING Heroism.
  8669 | Lair:2   | 8669 ||| INVOKING Heroism.
  8750 | Lair:2   | 8750 ||| INVOKING Heroism.
  8784 | Lair:2   | 8784 ||| SWAPPING to +0 arbalest.
  8788 | Lair:2   | Noticed a catoblepas
  8789 | Lair:2   | Reached XP level 12. HP: 110/110 MP: 15/15
  8789 | Lair:2   | 8789 ||| INVOKING Heroism.
  8794 | Lair:2   | 8794 ||| Stepping ~*~*~tactically~*~*~ (cloud).
  8795 | Lair:2   | 8795 ||| Stepping ~*~*~tactically~*~*~ (cloud).
  8799 | Lair:2   | 8799 ||| Stepping ~*~*~tactically~*~*~ (cloud).
  8803 | Lair:2   | 8803 ||| Stepping ~*~*~tactically~*~*~ (cloud).
  8806 | Lair:2   | 8806 ||| Stepping ~*~*~tactically~*~*~ (cloud).
  8807 | Lair:2   | 8807 ||| Stepping ~*~*~tactically~*~*~ (cloud).
  8808 | Lair:2   | Killed a catoblepas
  8891 | Lair:2   | 8891 ||| DROPPING +0 shortbow.
  8914 | Lair:2   | Reached skill level 6 in Invocations
  8967 | Lair:2   | 8967 ||| INVOKING Heroism.
  9186 | Lair:2   | Noticed Fannar
  9186 | Lair:2   | Noticed a death yak
  9187 | Lair:2   | 9187 ||| INVOKING Heroism.
  9188 | Lair:2   | Noticed a death yak
  9189 | Lair:2   | Noticed a death yak
  9192 | Lair:2   | Noticed a death yak
  9201 | Lair:2   | Killed Fannar
  9208 | Lair:2   | Killed a death yak
  9210 | Lair:2   | 9210 ||| INVOKING Heroism.
  9212 | Lair:2   | Killed a death yak
  9216 | Lair:2   | Reached skill level 15 in Ranged Weapons
  9219 | Lair:2   | Reached ***** piety under Okawaru
  9220 | Lair:2   | 9220 ||| INVOKING Finesse.
  9220 | Lair:2   | HP: 22/110 [hell rat (13)]
  9221 | Lair:2   | 9221 ||| READING 3 scrolls of teleportation.
  9221 | Lair:2   | HP: 1/107 [death yak (16)]
  9222 | Lair:2   | Mangled by a death yak

Levels and vault maps discovered:
D:1:      dpeg_arrival_ratfight, layout_basic, nicolae_hexahallways
D:2:      layout_loops_ring
D:3:      layout_loops_ring
D:4:      layout_rooms, mainiacjoe_overflow_surrounded_room,
          nicolae_overflow_hidden_temple, saegor_snake_ambush
D:5:      layout_basic, serial_shops, shop
D:6:      layout_rooms, serial_shops, nicolae_shop_waterfront, shop, shop,
          hex_large
D:7:      layout_cave_pools, minmay_temple_entry_enclosed_plants, uniq_menkaure
D:8:      layout_rooms, david_lair_generic, minmay_crossroads,
          uniq_prince_ribbit1, uniq_amaemon
Temple:   minmay_crystal_spiral_temple
Lair:1:   layout_gridlike, portal_ice_cave_rime, grunt_megastairs_3, uniq_joseph
Lair:2:   dreamdust_cave_troll, layout_regular_city,
          minmay_swamp_entry_reptiles, grunt_forest_stairs_clearing,
          serial_bayou_shore_a, uniq_fannar

Skill      XL: |  1  2  3  4  5  6  7  8  9 10 11 12 |
---------------+-------------------------------------+-----
Ranged Weapons | 3 4 5 6 7 8 10 12 13 14 15 | 15.1
Fighting       | 2 3 4 5 6 7 9 11 | 11.5
Armour         | 1 2 3 4 5 |  5.2
Dodging        | 4 5 7 8 10 | 10.0
Invocations    | 4 5 7 |  7.6
Spellcasting   | |  1.0
Hexes          | |  2.0

Action                     |  1- 3 |  4- 6 |  7- 9 | 10-12 || total
---------------------------+-------+-------+-------+-------++-------
   Fire: Sling             |   136 |   141 |   248 |    37 ||   562
         Shortbow          |       |       |       |   379 ||   379
         Arbalest          |       |       |       |    93 ||    93
 Invoke: Heroism           |       |       |     3 |    22 ||    25
         Finesse           |       |       |       |     1 ||     1
    Use: Scroll            |       |     9 |     7 |     5 ||    21
         Potion            |       |     5 |     3 |     2 ||    10
 Armour: Robe              |     7 |     9 |       |       ||    16
         Leather armour    |       |     3 |    12 |       ||    15
         Steam dragon scal |       |       |    42 |    77 ||   119
  Dodge: Dodged            |    50 |    29 |    95 |   427 ||   601

Table legend:
 A = Non-vault XP
 B = Vault XP
 C = Vault XP percentage of total XP
 D = Non-vault monster count
 E = Vault monster count
 F = Vault count percentage of total count
                 A         B        C        D         E       F
            +---------+---------+-------+---------+---------+-------
      Total |   21542 |    7514 |  25.9 |     206 |      32 |  13.4
            +---------+---------+-------+---------+---------+-------
        D:1 |      38 |       5 |  11.6 |      23 |       5 |  17.9
        D:2 |      58 |       0 |   0.0 |      17 |       0 |   0.0
        D:3 |      48 |       0 |   0.0 |      15 |       0 |   0.0
        D:4 |     218 |      27 |  11.0 |      17 |       2 |  10.5
        D:5 |     722 |       0 |   0.0 |      22 |       0 |   0.0
        D:6 |     786 |       0 |   0.0 |      14 |       0 |   0.0
        D:7 |    1179 |     169 |  12.5 |      25 |       1 |   3.8
        D:8 |    3452 |    2626 |  43.2 |      22 |      10 |  31.2
     Lair:1 |    7338 |    1954 |  21.0 |      26 |       5 |  16.1
     Lair:2 |    7703 |    2733 |  26.2 |      25 |       9 |  26.5
            +---------+---------+-------+---------+---------+-------
